 Dungeon Crawl Stone Soup version 0.19-a0-1008-g4c63d25 (console) character file.

1034 brucemayne the Cleaver (level 8, 0/57 HPs)
             Began as a Vampire Berserker on July 22, 2016.
             Was a Believer of Trog.
             Slain by an ogre
             ... wielding a +0 giant spiked club
              (23 damage)
             ... on level 6 of the Dungeon.
             The game lasted 00:06:06 (1154 turns).

brucemayne the Cleaver (Vampire Berserker)          Turns: 1154, Time: 00:06:07

Health: 0/57       AC: 11    Str: 18    XL:     8   Next: 3%
Magic:  8/8        EV:  8    Int:  7    God:    Trog [**....]
Gold:   136        SH:  0    Dex: 14    Spells: 0 memorised, 7 levels left

rFire  + . .     SeeInvis +     r - +0 war axe
rCold  . . .     Gourm    .     o - +2 chain mail {rF+}
rNeg   + . .     Faith    .     (no shield)
rPois  .         Spirit   .     (no helmet)
rElec  .         Dismiss  .     (no cloak)
rCorr  .         Reflect  .     f - +0 pair of gloves
SustAt .         Harm     .     (no boots)
MR     .....                    (no amulet)
Stlth  ..........               (no ring)
                                l - -2 ring of intelligence (curse)

@: not resistant to hostile enchantments, extremely unstealthy
A: fangs 3, see invisible, unbreathing
a: Bat Form, Berserk, Trog's Hand, Burn Spellbooks, Renounce Religion


You were on level 6 of the Dungeon.
You worshipped Trog.
Trog was pleased with you.
You were not thirsty.

You visited 2 branches of the dungeon, and saw 7 of its levels.

You collected 136 gold pieces.

Inventory:

Hand Weapons
 a - a +0 hand axe
 r - a +0 war axe (weapon)
Missiles
 g - 23 poisoned needles
Armour
 b - a +0 animal skin
 e - a +0 ring mail
 f - a +0 pair of gloves (worn)
 h - a +0 chain mail
 o - a +2 chain mail of fire resistance (worn)
Jewellery
 l - a cursed -2 ring of intelligence (left hand)
Wands
 j - a wand of hasting (4/9)
 s - a wand of flame (35/48)
Scrolls
 m - a scroll of teleportation {unknown}
 p - a scroll of identify
 q - a scroll of amnesia
 u - a scroll of magic mapping {unknown}
 v - a scroll of torment {unknown}
 x - a scroll of holy word {unknown}
Potions
 c - 5 potions of blood
 d - 3 potions of curing
 i - a potion of flight {unknown}
 k - a potion of heal wounds
 n - a potion of degeneration {unknown}
 t - a potion of mutation {unknown}
 w - a potion of agility


   Skills:
 - Level 2.6 Fighting
 + Level 9.0 Axes
 - Level 1.5 Armour
 - Level 2.1 Dodging


You had 7 spell levels left.
You didn't know any spells.

Dungeon Overview and Level Annotations

Branches:
Dungeon (6/15)             Temple (1/1) D:5

Altars:
Cheibriados
Dithmenos
Fedhas
Gozag
Hepliaklqana
Kikubaaqudgha
Nemelex Xobeh
Okawaru
Pakellas
Qazlal
Sif Muna
Trog
Uskayaw
Vehumet
Xom
Yredelemnul
Zin
The Shining One


Innate Abilities, Weirdness & Mutations

You have razor-sharp teeth.
You have supernaturally acute eyesight. (SInv)
You can survive without breathing.


Message History

The howler monkey hits you but does no damage.
Your chain mail prevents you from hitting the howler monkey.
Your bite misses the howler monkey.
The howler monkey is heavily wounded.
You hit the ogre. The howler monkey barely misses you.
The howler monkey hits you. The ogre closely misses you.
You slash the howler monkey!
You kill the howler monkey!
Trog accepts your kill.
You can now call upon Trog for regeneration and protection from hostile enchantments.
Your Axes skill increases to level 9!
You slash the ogre!
Unknown command.
You hit the ogre but do no damage.
The ogre is heavily wounded.
The ogre hits you with a giant spiked club!
You hit the ogre.
The ogre is heavily wounded.
The ogre hits you with a giant spiked club!!
You die...

#....................<.#
#...........#..#....##..
#......†...#..##########
#.....<......##
#....(.....### ##
######.....# #8
#.........# #_
#.........# #8
#.....@..## ##
#.....†O.# #........#
#........# #..........
#.##.#..##.. .. #.#..#
#.. #.#..# ...


You could see an ogre.

Vanquished Creatures
  The ghost of Aquadorian the Covert, a novice OpEn (D:5)
  A black bear (D:5)
  2 phantoms
  2 centaurs (D:5)
  A howler monkey (D:6)
  A hound (D:4)
  2 orc priests (D:3)
  A centaur skeleton (D:5)
  A giant frog skeleton (D:6)
  2 worker ants
  3 adders
  An adder skeleton (D:4)
  A giant gecko (D:4)
  4 orcs
  2 ball pythons
  A bat (D:1)
  A giant cockroach (D:4)
  2 hobgoblins
  4 jackals
  A quokka (D:3)
  A giant newt (D:3)
  2 kobolds (D:3)
  3 rats
40 creatures vanquished.

Notes
Turn   | Place    | Note
-------+----------+-------------------------------------------
     0 | D:1      | brucemayne the Vampire Berserker began the quest for the Orb.
     0 | D:1      | Reached XP level 1. HP: 17/17 MP: 1/1
   180 | D:2      | Reached skill level 3 in Axes
   203 | D:2      | Found a shimmering altar of Xom.
   203 | D:2      | Found a shimmering altar of Xom.
   261 | D:3      | Noticed an orc priest
   264 | D:3      | Noticed an orc priest
   267 | D:3      | Reached XP level 2. HP: 23/23 MP: 2/2
   268 | D:3      | Reached skill level 4 in Axes
   268 | D:3      | Reached XP level 3. HP: 28/28 MP: 3/3
   271 | D:3      | Reached XP level 4. HP: 34/34 MP: 4/4
   596 | D:4      | Reached skill level 5 in Axes
   614 | D:4      | Reached ** piety under Trog
   628 | D:4      | Reached XP level 5. HP: 17/39 MP: 5/5
   708 | D:5      | Entered Level 5 of the Dungeon
   721 | D:5      | Noticed a black bear
   728 | D:5      | Killed a black bear
   728 | D:5      | Reached skill level 6 in Axes
   748 | D:5      | Noticed a phantom
   748 | D:5      | Noticed a centaur
   767 | D:5      | Killed a centaur
   767 | D:5      | Reached XP level 6. HP: 24/46 MP: 6/6
   814 | D:5      | Found a staircase to the Ecumenical Temple.
   842 | Temple   | Entered the Ecumenical Temple
   851 | D:5      | HP: 2/46 [centaur skeleton (5)]
   855 | D:5      | Reached skill level 7 in Axes
   885 | D:5      | Noticed Aquadorian's ghost (novice OpEn)
   932 | D:5      | Killed Aquadorian's ghost
   932 | D:5      | Reached skill level 8 in Axes
   932 | D:5      | Reached XP level 7. HP: 32/51 MP: 7/7
   977 | D:5      | Found an oddly glowing altar of Pakellas.
  1051 | D:6      | Found an opulent altar of Gozag.
  1132 | D:6      | Reached XP level 8. HP: 35/57 MP: 8/8
  1152 | D:6      | Reached skill level 9 in Axes
  1154 | D:6      | Slain by an ogre

Vault maps used:
D:1:      lightli_arrival_windingriver
D:2:      xom_redecorated, first_bread
D:3:      nicolae_ru_great_annihilating_truth
D:4:      lemuel_round_altar
D:5:      overflow_temple_1_default, corexii_item_surrounded_by_moat
D:6:      grunt_gozag_breadcrumbs, portal_sewer_entry_f, minmay_misc_feat_rows
Temple:   minmay_freezing_vapour_temple

Skill      XL: |  1  2  3  4  5  6  7  8 |
---------------+-------------------------+-----
Axes           | 3 4 5 6 8 9 |  9.0
Fighting       | |  2.6
Armour         | |  1.5
Dodging        | |  2.1

Action                   |  1- 3 |  4- 6 |  7- 9 || total
-------------------------+-------+-------+-------++-------
Melee: Hand axe          |    24 |   115 |       ||   139
       Bite              |     4 |    16 |     5 ||    25
       War axe           |       |    40 |    27 ||    67
Invok: Berserk           |     1 |     2 |       ||     3
       Burn Spellbooks   |       |     1 |       ||     1
       Trog's Hand       |       |     3 |       ||     3
 Abil: End Transformatio |       |       |     1 ||     1
       Bat Form          |       |       |     1 ||     1
  Use: Scroll            |     2 |     1 |       ||     3
       Potion            |     1 |     9 |     2 ||    12
Armor: Ring mail         |    13 |       |       ||    13
       Chain mail        |       |   102 |    15 ||   117
Dodge: Dodged            |    22 |    74 |    11 ||   107
